Map: Oceanborn LE

Players

sugubatul - Winner!

  • Race: Zerg Zerg
  • Spawn Location: 5:00

A.I. 1 (Elite)

  • Race: Terran Terran
  • Spawn Location: 11:00

VOD

Have the link to the VOD?

Description

Time

  • Played on: July 18, 2025, 10:23 p.m.
  • Length: 4:56
Show
View Real Time Build Order
Export as new Build Order

sugubatul Zerg - Winner!

Build Orders: Hatch First 

Get SALT Encoding   

  12  0:01  Drone  
  13  0:12  Overlord  
  13  0:21  Drone  
  14  0:30  Drone x2  
  16  0:36  Drone  
  17  0:50  Hatchery  
  17  0:54  Drone  
  17  0:58  Drone, Extractor  
  17  1:09  Drone  
  18  1:15  Spawning Pool  
  17  1:25  Drone  
  18  1:31  Drone  
  19  1:43  Drone  
  20  1:52  Drone  
  21  2:00  Overlord  
  21  2:07  Queen, Zergling x2  
  21  2:08  Queen  
  26  2:16  Zergling x2  
  26  2:17  Zergling x2  
  26  2:19  Metabolic Boost  
  28  2:23  Zergling x2  
  28  2:29  Drone  
  30  2:33  Spine Crawler  
  29  2:38  Overlord, Zergling x2  
  30  2:44  Zergling x2  
  31  2:52  Zergling x2  
  31  3:17  Zergling x8  
  31  3:18  Zergling x4  
  33  3:20  Zergling x4  
  33  3:21  Zergling x2  
  35  3:32  Overlord  
  35  3:34  Overlord  
  35  3:42  Drone  
  36  3:50  Queen  
  36  3:52  Drone  
  36  3:53  Drone x3  
  42  4:01  Baneling Nest  
  37  4:17  Zergling x2  
  37  4:18  Zergling x8  
  37  4:19  Zergling x2  
  41  4:28  Zergling x4  
  41  4:29  Zergling x4  
  41  4:42  Hatchery  
Show
View Real Time Build Order
Export as new Build Order

A.I. 1 (Elite) Terran 

Build Orders:  

Get SALT Encoding   

  12  0:09  Supply Depot  
  12  0:13  SCV  
  13  0:36  Barracks  
  13  0:42  Barracks  
  13  0:57  Barracks  
  13  0:59  SCV  
  14  1:11  SCV  
  15  1:26  Marine, Barracks  
  15  1:29  Marine  
  17  1:44  Marine x2  
  17  1:47  Marine  
  19  1:53  Supply Depot  
  20  2:01  Marine  
  20  2:04  Marine x2  
  23  2:14  Marine  
  24  2:19  Marine  
  24  2:22  Marine x2  
  27  2:32  Marine  
  28  2:37  Marine  
  28  2:40  Marine  
  28  2:43  Supply Depot  
  30  2:44  Marine  
  31  2:54  Refinery  
  31  3:04  SCV  
  31  3:16  SCV  
  27  3:29  SCV  
  28  3:41  SCV  
  29  3:53  SCV  
  29  3:56  Factory  
  29  4:05  SCV  
  28  4:17  Marine, SCV  
  28  4:18  Barracks Tech Lab  
  28  4:23  Marine  
  22  4:29  SCV  
  17  4:41  SCV  
Tags
 
Matchup
TvZ
Spawn Locations
Cross Positions
Add a new tag
Caveats
  • Supply blocks, unpowered buildings, or Contaminate may cause inaccurate times.
  • Supply counts are checked every 10 seconds.